 Dungeon Crawl Stone Soup version 0.26.1-11-gd32895ea62 (webtiles) character file.

Game seed: 10742790380766224643

52 spagheddon the Shield-Bearer (level 3, -1/33 HPs)
             Began as a Minotaur Fighter on May 24, 2021.
             Slain by Sigmund
             ... wielding a +0 scythe
              (7 damage)
             ... on level 2 of the Dungeon.
             The game lasted 00:03:00 (1228 turns).

spagheddon the Shield-Bearer (Minotaur Fighter)     Turns: 1228, Time: 00:03:00

Health: -1/33      AC:  7    Str: 20 (21) XL:     3   Next: 60%
Magic:  2/2        EV:  7    Int:  3 (5)  God:
Gold:   75         SH:  9    Dex:  6 (9)  Spells: 2/2 levels left

rFire    . . .     SeeInvis .   a - +0 war axe
rCold    . . .     Faith    .   c - +0 kite shield
rNeg     . . .     Spirit   .   b - +0 scale mail
rPois    .         Reflect  .   (helmet restricted)
rElec    .         Harm     .   (no cloak)
rCorr    .         Rampage  .   (no gloves)
Will     .....                  (no boots)
Stlth    ..........             (no amulet)
HPRegen  0.11/turn              (no ring)
MPRegen  0.08/turn              (no ring)

@: attractive, flying
A: retaliatory headbutt, horns 2
a: no special abilities


You were on level 2 of the Dungeon.
You visited 1 branch of the dungeon, and saw 2 of its levels.

You collected 75 gold pieces.

Inventory:

Hand Weapons
 a - a +0 war axe (weapon)
Missiles
 o - 21 poisoned darts (quivered)
Armour
 b - a +0 scale mail (worn)
 c - a +0 kite shield (worn)
Scrolls
 f - a scroll of random uselessness {unknown}
 j - a scroll of blinking {unknown}
 k - a scroll of magic mapping {unknown}
 l - 2 scrolls of enchant armour {unknown}
 n - a scroll of fear {unknown}
Potions
 d - 2 potions of might
 h - a potion of mutation {unknown}
 i - a potion of attraction


   Skills:
 + Level 4.0 Fighting
 + Level 3.0 Axes
 + Level 4.1 Armour
 + Level 0.3 Stealth
 + Level 4.4 Shields


You had 2 spell levels left.
You didn't know any spells.
Your spell library was empty.

Dungeon Overview and Level Annotations

Branches:
Dungeon (2/15)

Altars:

Annotations:
D:2 Sigmund


Innate Abilities, Weirdness & Mutations

You reflexively headbutt those who attack you in melee.
You have a pair of horns on your head.


Message History

Okay, then.
It was a potion of magic.
Magic courses through your body.
Okay, then.
It was a potion of degeneration.
There was something very wrong with that liquid.
You feel weakened.
You feel dopey.
You feel clumsy.
Sigmund points at himself and mumbles some strange words.
Sigmund flickers and vanishes!
Deactivating autopickup; reactivate with Ctrl-A.
It was a potion of attraction.
You feel attractive to monsters.
You hear a zap.
A puff of flame appears from out of thin air!
The puff of flame hits you.
* * * LOW HITPOINT WARNING * * *
Something hits you but does no damage. Something is pulled toward you!
It was a potion of flight.
You feel very buoyant.
You fly up into the air.
Something hits you!
You die...

.......................#
......... ..............####
........#.##.#.)........+...
.........#).#.).........# #.
........#.##.#..........###.
.....#..#.##(#...)†.........
....)....#..#..#........####
........#.##.#...†......#
...........@............###
.......##.................#
.................#........#
............#...##........#
........[...#...##........#
..(.........#...#####...###
...#+#......#...# ##### ...
#......# ..#


There were no monsters in sight!

Vanquished Creatures
  A worm (D:2)
  A dart slug (D:1)
  A leopard gecko (D:1)
  4 bats
  3 giant cockroaches
  7 goblins
  2 hobgoblins (D:1)
  8 jackals
  A quokka (D:2)
  A frilled lizard (D:1)
  7 kobolds
  6 rats (D:1)
42 creatures vanquished.

Notes
Turn   | Place    | Note
-------+----------+-------------------------------------------
     0 | D:1      | spagheddon the Minotaur Fighter began the quest for the
                  | Orb.
     0 | D:1      | Reached XP level 1. HP: 19/19 MP: 0/0
   207 | D:1      | Reached XP level 2. HP: 25/27 MP: 1/1
   592 | D:1      | Reached XP level 3. HP: 33/33 MP: 2/2
  1206 | D:2      | Noticed Sigmund
  1228 | D:2      | Slain by Sigmund

Illustrated notes

Levels and vault maps discovered:
D:1:      lemuel_arrival_room, layout_basic, minmay_pentomino_p2
D:2:      layout_basic, minmay_small_reverse_x, uniq_sigmund

Skill      XL: |  1  2  3 |
---------------+----------+-----
Shields        | 4 |  4.4
Fighting       | 4 |  4.0
Armour         | 4 |  4.1
Axes           | 3 |  3.0
Stealth        | |  0.3

Action                   || total
-------------------------++-------
Melee: War axe           ||    98
       Headbutt          ||    11
  Use: Potion            ||     4
Armor: Scale mail        ||    48
Dodge: Dodged            ||    31
Block: Kite shield       ||    58
